 Dungeon Crawl Stone Soup version 0.21.1-1-g345015f (webtiles) character file.

14452 Hebeh the Cleaver (level 11, -2/100 HPs)
             Began as a Deep Dwarf Fighter on June 23, 2018.
             Was an Elder of Makhleb.
             Slain by an Executioner (5 damage)
             ... summoned by the player character
             ... on level 2 of the Orcish Mines.
             The game lasted 00:53:39 (8077 turns).

Hebeh the Cleaver (Deep Dwarf Fighter)              Turns: 8077, Time: 00:53:43

Health: -2/100     AC: 18    Str: 28    XL:     11   Next: 88%
Magic:  3/3        EV:  7    Int:  9    God:    Makhleb [****..]
Gold:   977        SH: 16    Dex: 12    Spells: 10/10 levels left

rFire    . . .     SeeInvis .   X - +4 war axe
rCold    . . .     Gourm    .   c - +0 shield
rNeg     . . .     Faith    .   S - +0 plate armour
rPois    .         Spirit   .   (no helmet)
rElec    .         Reflect  +   A - +0 cloak
rCorr    .         Harm     .   H - +0 pair of gloves
MR       ++...                  G - +0 pair of boots
Stlth    ..........             U - +4 amulet of reflection
HPRegen  0.00/turn              q - ring of protection from magic
MPRegen  0.08/turn              z - +5 ring of strength

@: very slightly contaminated, non-regenerating
A: damage resistance, heal wounds, sense surroundings 2, no regeneration
a: Heal Wounds, Minor Destruction, Lesser Servant of Makhleb, Major Destruction,
Renounce Religion


You were on level 2 of the Orcish Mines.
You worshipped Makhleb.
Makhleb was greatly pleased with you.
You were not hungry.

You visited 3 branches of the dungeon, and saw 13 of its levels.

You collected 977 gold pieces.

Inventory:

Hand Weapons
 a - a +1 war axe
 E - a +1 mace of holy wrath
 Q - a +2 flail of protection
 V - a +1 hand axe of flaming
 W - a cursed -2 hand axe
 X - a +4 war axe (weapon)
Missiles
 T - 3 javelins (quivered)
Armour
 b - a +0 scale mail
 c - a +0 shield (worn)
 e - a scarf of cloud immunity
 y - the +2 pair of boots "Imnux" {rF+ rC- Dex+7}
   (You found it on level 4 of the Dungeon)

   It affects your dexterity (+7).
   It protects you from fire.
   It makes you vulnerable to cold.
 A - a +0 cloak (worn)
 G - a +0 pair of boots (worn)
 H - a +0 pair of gloves (worn)
 S - a +0 plate armour (worn)
Jewellery
 i - an uncursed ring of wizardry
 q - a ring of protection from magic (left hand)
 z - a +5 ring of strength (right hand)
 R - an uncursed ring of flight {unknown}
 U - a +4 amulet of reflection (around neck)
Wands
 o - a wand of digging (33)
 w - a wand of polymorph (39)
 C - a wand of acid (4)
 F - a wand of random effects (23)
 L - a wand of enslavement (14)
Scrolls
 s - a scroll of summoning
 v - 3 scrolls of remove curse
 I - 2 scrolls of blinking
 J - 2 scrolls of enchant armour
 K - a scroll of fog
Potions
 d - 3 potions of might
 g - a potion of brilliance
 h - a potion of agility {unknown}
 j - 5 potions of curing
 k - a potion of degeneration {unknown}
 l - a potion of mutation {unknown}
 m - a potion of heal wounds
 p - 2 potions of cancellation
 r - 2 potions of lignification
 t - a potion of magic {unknown}
 u - 2 potions of flight
 D - 2 potions of haste
 P - a potion of resistance {unknown}
Books
 B - a book of Air

   Spells                             Type                      Level
   a - Shock                          Conjuration/Air              1
   b - Swiftness                      Charms/Air                   2
   c - Static Discharge               Conjuration/Air              3
   d - Airstrike                      Air                          4
   e - Lightning Bolt                 Conjuration/Air              5
 O - a book of Necromancy

   Spells                             Type                      Level
   a - Pain                           Necromancy                   1
   b - Animate Skeleton               Necromancy                   1
   c - Vampiric Draining              Necromancy                   3
   d - Regeneration                   Charms/Necromancy            3
   e - Animate Dead                   Necromancy                   4
   f - Borgnjor's Vile Clutch         Necromancy/Earth             5
Comestibles
 f - 19 rations
 x - 16 chunks of flesh


   Skills:
 + Level 7.6 Fighting
 * Level 13.0 Axes
 + Level 9.0 Armour
 - Level 2.0 Dodging
 - Level 0.2 Stealth
 + Level 9.5 Shields
 + Level 8.7 Evocations


You had 10 spell levels left.
You didn't know any spells.

Dungeon Overview and Level Annotations

Branches:
Dungeon (10/15)            Temple (1/1) D:4             Orc (1/2) D:10
   Lair: D:8-11

Altars:
Ashenzari
Cheibriados
Fedhas
Gozag
Hepliaklqana
Kikubaaqudgha
Makhleb
Qazlal
Vehumet
Xom
Yredelemnul
The Shining One

Shops:
D:8 :   Orc:1 (


Innate Abilities, Weirdness & Mutations

You are resistant to damage.
You can heal yourself by infusing magical energy.
You passively map the area around you.
You do not regenerate.


Message History

You slash the orc sorcerer!
The orc sorcerer is heavily wounded.
You completely miss the orc sorcerer. You slash the orc sorcerer!
You closely miss the Executioner. You closely miss the orc warrior.
The orc warrior seems to regain its courage. x2
You block the Executioner's attack. x2
The Executioner hits you but does no damage.
The orc sorcerer hits you but does no damage.
The Executioner hits you.
* * * LOW HITPOINT WARNING * * *
You block the Executioner's attack. x2; The orc warrior barely misses you.
The orc sorcerer hits you but does no damage. x2
The orc priest looks encouraged for a moment.
You closely miss the orc sorcerer.
The orc sorcerer is heavily wounded.
You closely miss the orc sorcerer. x2; You miss the Executioner.
You hit the orc warrior. The Executioner barely misses you.
The Executioner hits you but does no damage.
You block the Executioner's attack. The Executioner hits you.
You die...

,,, , **** ,,
, , , , , , *
, ,, , ,,
,,*,, , , ,, ,
, , , , , , ,,
, , * , , , ,,
,, ## , , , ,
, ##2## ,* , ,
, , , ##.o.##
, , * , , ,
*#1@o4.# , ,
,* #3#ooo#.#
*, ,, ,
##.ooo3o... *
* , , ,
##o..#o#o#o..#
* ,
##o3.##o4.#
o..* ,,
##..o##.o#.o
.. , , *
#..o## .##
..**.,, ,
#.#.## #* #..
* * , *#o..##
,* ,


You could see a cacodemon, an orc knight, an Executioner, an orc high priest, a
sun demon, a hellwing, an ice devil, a neqoxec, 5 orc sorcerers, 7 orc warriors,
4 orc priests and an orc.

Vanquished Creatures
  A stone giant (D:10)
  Erolcha (D:9)
  2 two-headed ogres
  An orc high priest (Orc:1)
  Nergalle (D:10)
  An orc knight (D:10)
  2 orc sorcerers (D:10)
  2 cyclopes (D:10)
  Maurice (D:8)
  3 trolls
  Grinder (D:6)
  The ghost of p0werm0de the Grave Robber, an amateur OpNe of Cheibriados (D:7)
  A spriggan (D:7)
  A vampire (D:10)
  A wyvern (D:10)
  6 yaks
  A wraith (D:10)
  The ghost of p0werm0de the Skirmisher, an amateur DsWn of Xom (D:4)
  A warg (D:10)
  A water moccasin (D:8)
  13 orc warriors
  An ice beast (D:6)
  2 sky beasts
  A phantom (D:6)
  A necrophage (D:8)
  10 ogres
  A centaur (D:5)
  A crocodile (D:10)
  2 big kobolds
  2 bullfrogs
  A wyvern skeleton (D:10)
  A water moccasin skeleton (D:7)
  2 scorpions
  5 howler monkeys
  A quasit (D:6)
  4 crimson imps
  5 hounds
  3 bullfrog zombies
  2 jellies
  20 orc wizards
  Crazy Yiuf (D:4)
  3 centaur skeletons
  A gnoll shaman (D:4)
  12 orc priests
  2 iguanas
  6 worker ants
  A hound skeleton (D:6)
  A worker ant zombie (D:5)
  4 gnolls (D:4)
  6 adders
  4 oozes
  An adder skeleton (D:9)
  A worm (D:2)
  2 dart slugs
  6 leopard geckos
  68 orcs
  6 ball pythons
  8 bats
  A giant cockroach (D:1)
  6 goblins
  8 hobgoblins
  11 jackals
  A quokka (D:3)
  4 frilled lizards
  A giant cockroach zombie (D:5)
  22 kobolds
  A leopard gecko zombie (D:6)
  A quokka zombie (D:5)
  10 rats
307 creatures vanquished.

Notes
Turn   | Place    | Note
-------+----------+-------------------------------------------
     0 | D:1      | Hebeh the Deep Dwarf Fighter began the quest for the Orb.
     0 | D:1      | Reached XP level 1. HP: 20/20 MP: 1/1
    66 | D:1      | Reached XP level 2. HP: 27/27 MP: 2/2
   400 | D:1      | Reached XP level 3. HP: 26/33 MP: 3/3
   651 | D:1      | Reached skill level 3 in Axes
  1122 | D:2      | Reached XP level 4. HP: 37/42 MP: 4/4
  1618 | D:3      | Found a faded altar of an unknown god.
  1976 | D:3      | Found a snail-covered altar of Cheibriados.
  2107 | D:4      | Reached skill level 4 in Axes
  2107 | D:4      | Reached XP level 5. HP: 39/49 MP: 5/5
  2187 | D:4      | Reached skill level 5 in Axes
  2209 | D:4      | Noticed p0werm0de's ghost (amateur DsWn)
  2224 | D:4      | Reached XP level 6. HP: 34/56 MP: 5/5
  2247 | D:4      | Killed p0werm0de's ghost
  2247 | D:4      | Reached skill level 1 in Dodging
  2387 | D:4      | Got a pair of spiked boots
  2553 | D:4      | Found a runed door.
  2585 | D:4      | Found a staircase to the Ecumenical Temple.
  2686 | Temple   | Entered the Ecumenical Temple
  2692 | Temple   | Became a worshipper of Makhleb the Destroyer
  2742 | D:4      | Identified the +2 pair of boots "Imnux" {rF+ rC- Dex+7} (You found it on level 4 of the Dungeon)
  2742 | D:4      | Noticed Crazy Yiuf
  2749 | D:4      | Killed Crazy Yiuf
  2749 | D:4      | Reached skill level 6 in Axes
  2789 | D:5      | Entered Level 5 of the Dungeon
  2798 | D:5      | Reached XP level 7. HP: 54/62 MP: 6/6
  2984 | D:5      | Reached skill level 7 in Axes
  3030 | D:5      | Found a shattered altar of Ashenzari.
  3059 | D:5      | Reached skill level 5 in Shields
  3288 | D:6      | Noticed Grinder
  3289 | D:6      | Reached * piety under Makhleb
  3289 | D:6      | Reached XP level 8. HP: 51/72 MP: 7/7
  3305 | D:6      | Reached skill level 5 in Armour
  3306 | D:6      | Reached skill level 8 in Axes
  3315 | D:6      | Killed Grinder
  3348 | D:6      | You fall through a shaft for 2 floors!
  3390 | D:8      | Noticed Maurice
  3402 | D:8      | Reached skill level 1 in Evocations
  3431 | D:8      | Killed Maurice
  3431 | D:8      | Reached skill level 9 in Axes
  3486 | D:8      | Gained mutation: You passively map the area around you. [Deep Dwarf growth]
  3486 | D:8      | Reached XP level 9. HP: 80/80 MP: 8/8
  3520 | D:8      | Reached skill level 5 in Fighting
  3549 | D:8      | Found Laniluum's Book Boutique.
  3621 | D:8      | Found a glowing golden altar of the Shining One.
  3950 | D:6      | Reached ** piety under Makhleb
  4472 | D:7      | Reached skill level 10 in Axes
  4519 | D:7      | Noticed p0werm0de's ghost (amateur OpNe)
  4533 | D:7      | Killed p0werm0de's ghost
  4557 | D:7      | Found a blossoming altar of Fedhas.
  4674 | D:7      | Noticed a troll
  4688 | D:7      | Killed a troll
  4783 | D:7      | Found a blossoming altar of Fedhas.
  4786 | D:7      | Found an opulent altar of Gozag.
  4789 | D:7      | Found an ancient bone altar of Kikubaaqudgha.
  4792 | D:7      | Found a radiant altar of Vehumet.
  4947 | D:7      | Reached skill level 5 in Evocations
  5106 | D:9      | Reached XP level 10. HP: 52/91 MP: 11/11
  5203 | D:9      | Noticed a two-headed ogre
  5215 | D:9      | Killed a two-headed ogre
  5390 | D:9      | Found a stormy altar of Qazlal.
  5605 | D:9      | Noticed Erolcha
  5616 | D:9      | Killed Erolcha
  5616 | D:9      | Reached skill level 11 in Axes
  5842 | D:10     | Entered Level 10 of the Dungeon
  6078 | D:10     | Reached *** piety under Makhleb
  6429 | D:10     | Noticed a cyclops
  6445 | D:10     | Killed a cyclops
  6447 | D:10     | Reached XP level 11. HP: 76/99 MP: 11/11
  6470 | D:10     | Noticed a two-headed ogre
  6483 | D:10     | Killed a two-headed ogre
  6483 | D:10     | Reached skill level 12 in Axes
  6532 | D:10     | Reached **** piety under Makhleb
  6891 | D:10     | Found a staircase to the Orcish Mines.
  6902 | Orc:1    | Entered Level 1 of the Orcish Mines
  6902 | Orc:1    | Noticed Nergalle
  6904 | Orc:1    | Noticed an orc sorcerer
  6904 | Orc:1    | Noticed an orc sorcerer
  6906 | Orc:1    | Noticed a stone giant
  6926 | D:10     | Killed Nergalle
  6933 | Orc:1    | Noticed an orc knight
  6971 | D:10     | Killed an orc sorcerer
  7014 | D:10     | Killed an orc knight
  7078 | D:10     | Killed an orc sorcerer
  7142 | D:10     | Killed a stone giant
  7688 | Orc:1    | Noticed an orc high priest
  7725 | Orc:1    | Reached ***** piety under Makhleb
  7735 | Orc:1    | Killed an orc high priest
  7735 | Orc:1    | Reached skill level 13 in Axes
  7950 | Orc:1    | Found Kaureczaqa's Weapon Shop.
  8060 | Orc:1    | You fall through a shaft!
  8060 | Orc:2    | Entered Level 2 of the Orcish Mines
  8060 | Orc:2    | Noticed an orc knight
  8060 | Orc:2    | Noticed an orc high priest
  8060 | Orc:2    | Noticed an orc sorcerer
  8060 | Orc:2    | Noticed a soul eater
  8068 | Orc:2    | Noticed an orc sorcerer
  8072 | Orc:2    | Noticed a sun demon
  8072 | Orc:2    | Noticed an orc sorcerer
  8072 | Orc:2    | Noticed an orc sorcerer
  8072 | Orc:2    | Noticed an orc knight
  8072 | Orc:2    | Noticed an orc sorcerer
  8073 | Orc:2    | Noticed an Executioner
  8074 | Orc:2    | Noticed a cacodemon
  8074 | Orc:2    | HP: 4/100 [Executioner[the player character] (12)]
  8077 | Orc:2    | Slain by an Executioner

Skill      XL: |  1  2  3  4  5  6  7  8  9 10 11 |
---------------+----------------------------------+-----
Axes           | 3 4 5 6 7 9 10 11 13 | 13.0
Fighting       | 3 4 5 6 7 |  7.6
Armour         | 4 5 6 7 9 |  9.0
Shields        | 4 5 6 7 8 9 |  9.5
Dodging        | 1 2 |  2.0
Evocations     | 2 5 7 8 |  8.7
Stealth        | |  0.2

Action                   |  1- 3 |  4- 6 |  7- 9 | 10-12 || total
-------------------------+-------+-------+-------+-------++-------
Melee: War axe           |   124 |   155 |   352 |   569 ||  1200
Throw: Javelin           |       |       |       |     6 ||     6
Invok: Greater Servant o |       |       |       |     2 ||     2
 Abil: Heal Wounds       |     1 |     5 |     9 |    41 ||    56
Evoke: Wand              |       |       |       |     9 ||     9
  Use: Scroll            |       |     7 |    10 |     7 ||    24
  Eat: Chunk             |     1 |     5 |     9 |    10 ||    25
Armor: Scale mail        |    71 |    70 |   105 |    31 ||   277
       Plate armour      |       |       |       |   158 ||   158
Dodge: Dodged            |    27 |    39 |    96 |   130 ||   292
Block: Shield            |    62 |   101 |   179 |   344 ||   686
